 Dungeon Crawl Stone Soup version 0.31-a0-841-g038b102fc3 (webtiles) character file.

Game seed: 12325811492553196573

12840 senseless the Fighter (level 11, -3/104 HPs)
             Began as a Minotaur Fighter on Sept 27, 2023.
             Was a Believer of Uskayaw.
             Slain by a skeletal warrior
             ... wielding a +0 mace
              (9 damage)
             ... on level 11 of the Dungeon.
             The game lasted 00:24:18 (9957 turns).

senseless the Fighter (Minotaur Fighter)            Turns: 9957, Time: 00:24:18

Health: -3/104     AC: 23    Str: 24    XL:     11   Next: 67%
Magic:  0/10       EV: 17    Int:  5    God:    Uskayaw [**....]
Gold:   285        SH:  6    Dex: 11    Spells: 10/10 levels left

rFire   . . .        v - +2 mace (freeze)
rCold   . . .        c - +0 buckler
rNeg    . . .        h - +0 plate armour
rPois   .            E - +2 hat
rElec   .            C - +0 cloak {Stlth+}
rCorr   .            H - +0 pair of gloves
SInv    .            B - +2 pair of boots
Will    .....        I - amulet of guardian spirit Stlth
                     q - +5 ring of evasion
HPRegen 0.37/turn    n - +5 ring of evasion
MPRegen 0.12/turn

%: guardian spirit
@: no status effects
A: horns 2, retaliatory headbutt
a: Renounce Religion, Stomp, Line Pass


You were on level 11 of the Dungeon.
You worshipped Uskayaw.
Uskayaw was noncommittal.
You visited 2 branches of the dungeon, and saw 12 of its levels.
You also visited: Ossuary.

You collected 472 gold pieces.
You spent 187 gold pieces at shops.

Inventory:

Hand Weapons
 a - a +0 flail
 v - a +2 mace of freezing (weapon)
 M - a +3 mace
Missiles
 b - a throwing net
Armour
 c - a +0 buckler (worn)
 h - a +0 plate armour (worn)
 B - a +2 pair of boots (worn)
 C - a +0 cloak of stealth (worn)
 E - a +2 hat (worn)
 G - a +3 scale mail
 H - a +0 pair of gloves (worn)
Jewellery
 j - a +6 ring of strength
 k - a ring of flight
 n - a +5 ring of evasion (right hand)
 q - a +5 ring of evasion (left hand)
 w - a ring of poison resistance
 I - an amulet of guardian spirit (around neck)
Wands
 m - a wand of acid (2)
 y - a wand of flame (16) (quivered)
 D - a wand of roots (13)
 F - a wand of mindburst (5)
 J - a wand of digging (6)
 L - a wand of polymorph (5)
Scrolls
 i - a scroll of amnesia
 o - 6 scrolls of teleportation
 p - a scroll of immolation
 x - a scroll of fear
 K - a scroll of poison
Potions
 d - 2 potions of might
 e - a potion of enlightenment
 f - 3 potions of heal wounds
 g - a potion of lignification
 l - a potion of brilliance
 r - 6 potions of curing
 s - 2 potions of resistance
 t - a potion of cancellation
 u - a potion of magic
 z - a potion of attraction
 A - 2 potions of mutation


   Skills:
 + Level 11.9 Fighting
 + Level 11.6 Maces & Flails
 + Level 11.8 Armour
 + Level 11.9 Shields


You had 10 spell levels left.
You didn't know any spells.
Your spell library contained the following spells:

 Spells                   Type           Power      Damage    Failure   Level
 Cigotuvi's Dreadful Rot  Necr/Pois/Air  0%         N/A       100%        2
 Ensorcelled Hibernation  Hex/Ice        0%         N/A       100%        2
 Passwall                 Tmut/Erth      0%         N/A       100%        2
 Ignite Poison            Fire/Tmut/Pois 0%         N/A       100%        3
 Inner Flame              Hex/Fire       0%         N/A       100%        3
 Swiftness                Air            0%         N/A       100%        3
 Cause Fear               Hex            0%         N/A       100%        4
 Dispel Undead            Necr           0%         3d6       100%        4
 Sticky Flame             Conj/Fire      0%         2d3       100%        4
 Fireball                 Conj/Fire      0%         3d3       100%        5
 Yara's Violent Unravell  Hex/Tmut       0%         3d3       100%        5
 Death Channel            Necr           0%         N/A       100%        6
 Enfeeble                 Hex            0%         N/A       100%        7
 Ignition                 Fire           0%         3d3       100%        8
 Dragon's Call            Summ           0%         N/A       100%        9


Dungeon Overview and Level Annotations

Branches:
Dungeon (11/15)            Temple (1/1) D:4            Lair (0/5) D:8
    Orc (0/2) D:10        Ossuary (visited)

Altars:
Ashenzari
Cheibriados
Dithmenos
Elyvilon
Fedhas
Gozag
Hepliaklqana
Kikubaaqudgha
Makhleb
Nemelex Xobeh
Okawaru
Qazlal
Ru
Sif Muna
Trog
Uskayaw
Vehumet
Wu Jian
Xom
Yredelemnul
Zin
The Shining One

Shops:
D:6 ?:


Innate Abilities, Weirdness & Mutations

You have a pair of horns on your head.
You reflexively headbutt those who attack you in melee.


Message History

You hit the skeletal warrior but do no damage.
Your headbutt misses the skeletal warrior.
The skeletal warrior is severely damaged.
The skeletal warrior hits you but does no damage.
You hit the skeletal warrior.
You headbutt the skeletal warrior, but do no damage.
The skeletal warrior is almost destroyed.
The skeletal warrior completely misses you.
You barely miss the skeletal warrior.
The skeletal warrior is almost destroyed.
The skeletal warrior hits you with a +0 mace!!
* * * LOW HITPOINT WARNING * * *
You completely miss the skeletal warrior.
You headbutt the skeletal warrior.
The skeletal warrior is almost destroyed.
You block the skeletal warrior's attack.
You closely miss the skeletal warrior.
You headbutt the skeletal warrior, but do no damage.
The skeletal warrior is almost destroyed.
The skeletal warrior misses you.
You hit the skeletal warrior but do no damage.
The skeletal warrior is almost destroyed.
You hit the skeletal warrior but do no damage.
The skeletal warrior is almost destroyed.
The skeletal warrior hits you but does no damage.
You closely miss the skeletal warrior.
You headbutt the skeletal warrior, but do no damage.
The skeletal warrior is almost destroyed.
The skeletal warrior closely misses you.
You furiously retaliate!
You headbutt the skeletal warrior. You barely miss the skeletal warrior.
The skeletal warrior is almost destroyed.
The skeletal warrior hits you but does no damage.
You hit the skeletal warrior but do no damage.
The skeletal warrior is almost destroyed.
The skeletal warrior hits you but does no damage.
You barely miss the skeletal warrior.
The skeletal warrior is almost destroyed.
The skeletal warrior hits you with a +0 mace!
You die...

### ..# # #.# #####.########
.............##
.####..####...################
...##.>......................#
##.##...###...##############.#
........# ##.zzz@.....# #.#
..###...# ##########.# #.# ..#
#.### ###.### #.# #.###.#
#.....# #># ...##.#
#.....####.# .zz...#
#.....##...# #..####
#.....##.### #..# #.....##.#
..$.. ###.####.#


You could see 3 skeletal warriors.

Vanquished Creatures
  Gastronok (D:9)
  A boulder beetle (D:11)
  2 two-headed ogres
  A skeletal warrior (D:11)
  Pikel (D:8)
  Maurice (D:8)
  A gargoyle (D:11)
  Jeremiah (D:6)
  3 trolls
  2 hornets (D:9)
  2 shadows
  A wyvern (D:9)
  2 wraiths (D:11)
  4 humans (D:10)
  13 yaks (D:9)
  A steam dragon (D:7)
  2 water moccasins
  2 acid dragons
  2 sky beasts (D:7)
  3 ice beasts
  3 ogres
  6 black bears
  A centaur (D:8)
  An elf zombie (D:8)
  A phantom (D:6)
  9 bullfrogs
  An elf skeleton (D:8)
  3 scorpions
  5 wights (D:7)
  2 howler monkeys (D:10)
  2 human zombies (D:8)
  A hound (D:6)
  A jelly (D:7)
  4 gnoll boudas
  3 sleepcaps
  A human skeleton (D:8)
  Crazy Yiuf (D:7)
  An iguana (D:4)
  4 orc wizards
  A mummy (Ossuary)
  19 gnolls
  8 adders
  A shadow imp (D:6)
  2 ufetubi
  2 worms
  5 dart slugs
  13 orcs
  A spectral bat (Ossuary)
  4 ball pythons
  3 endoplasms
  4 giant cockroaches
  12 gnoll zombies (Ossuary)
  6 hobgoblins
  7 kobolds
  2 quokkas
  5 bats
  4 bat simulacra (Ossuary)
  A frilled lizard (D:3)
  10 goblins
  A goblin simulacrum (Ossuary)
  2 goblin zombies (Ossuary)
  8 hobgoblin zombies (Ossuary)
  2 kobold simulacra (Ossuary)
  6 kobold zombies (Ossuary)
  An orc skeleton (D:8)
  2 orc zombies (Ossuary)
  11 rats
  6 rat simulacra (Ossuary)
  3 spectral goblins (Ossuary)
  3 spectral kobolds (Ossuary)
  5 spectral rats (Ossuary)
256 creatures vanquished.

Notes
Turn   | Place    | Note
-------+----------+-------------------------------------------
     0 | D:1      | senseless the Minotaur Fighter began the quest for the Orb.
     0 | D:1      | Reached XP level 1. HP: 19/19 MP: 0/0
   230 | D:1      | Reached XP level 2. HP: 26/27 MP: 1/1
   899 | D:2      | Reached XP level 3. HP: 33/33 MP: 2/2
  1698 | D:3      | Reached XP level 4. HP: 41/41 MP: 3/3
  1876 | D:3      | Found a bloodstained altar of Trog.
  1931 | D:3      | Found a faded altar of an unknown god.
  2135 | D:3      | Reached XP level 5. HP: 47/47 MP: 4/4
  2494 | D:4      | Found a staircase to the Ecumenical Temple.
  2500 | D:4      | Noticed an ogre
  2503 | Temple   | Entered the Ecumenical Temple
  2520 | Temple   | Became a worshipper of Uskayaw the Reveller
  2540 | D:4      | Reached * piety under Uskayaw
  2542 | D:4      | Killed an ogre
  2542 | D:4      | Reached ** piety under Uskayaw
  2543 | D:4      | Reached skill level 5 in Fighting
  2543 | D:4      | Reached skill level 5 in Armour
  2543 | D:4      | Reached skill level 5 in Shields
  2543 | D:4      | Reached XP level 6. HP: 44/56 MP: 5/5
  3261 | D:5      | Entered Level 5 of the Dungeon
  3304 | D:5      | Noticed an ice beast
  3313 | D:5      | Reached *** piety under Uskayaw
  3315 | D:5      | Reached **** piety under Uskayaw
  3316 | D:5      | Killed an ice beast
  3317 | D:5      | Reached skill level 5 in Maces & Flails
  3317 | D:5      | Reached XP level 7. HP: 57/62 MP: 6/6
  3556 | D:5      | Found a hazy altar of Hepliaklqana.
  3600 | D:5      | Found an opulent altar of Gozag.
  4139 | D:6      | Noticed Jeremiah
  4208 | D:6      | Killed Jeremiah
  4209 | D:6      | Reached XP level 8. HP: 10/71 MP: 7/7
  4561 | D:6      | Found Silen's Tiny Tomes.
  4606 | D:6      | Found Qaezasiq's Magic Scroll Boutique.
  4609 | D:6      | Bought a scroll of identify for 30 gold pieces
  4609 | D:6      | Bought a scroll of teleportation for 45 gold pieces
  4615 | D:6      | Bought a scroll of revelation for 112 gold pieces
  5392 | D:7      | Reached ***** piety under Uskayaw
  5453 | D:7      | Reached XP level 9. HP: 66/81 MP: 8/8
  5458 | D:7      | Reached ****** piety under Uskayaw
  5730 | D:7      | Found a stormy altar of Qazlal.
  5938 | D:7      | Found an iron altar of Okawaru.
  6062 | D:7      | Found a runed translucent door.
  6063 | D:7      | Noticed Crazy Yiuf
  6068 | D:7      | Killed Crazy Yiuf
  6277 | D:8      | Found a sand-covered staircase.
  6291 | Ossuary  | Entered an ossuary
  6640 | D:8      | Found the +7 Throatcutter {drain, coup de grace}
  6712 | D:8      | Noticed Maurice
  6724 | D:8      | Something stole 174 gold
  6726 | D:8      | Something stole a ring of poison resistance
  6727 | D:8      | Something stole the +7 Throatcutter {drain, coup de grace}
  6734 | D:8      | Something stole a throwing net
  6772 | D:8      | Noticed Pikel
  6786 | D:8      | Killed Maurice
  6789 | D:8      | Killed Pikel
  6790 | D:8      | Reached XP level 10. HP: 61/91 MP: 9/9
  6805 | D:8      | Noticed a two-headed ogre
  6816 | D:8      | Killed a two-headed ogre
  6817 | D:8      | Reached skill level 10 in Fighting
  6817 | D:8      | Reached skill level 10 in Shields
  6942 | D:8      | Found a staircase to the Lair.
  7185 | D:8      | Found a glowing golden altar of the Shining One.
  7599 | D:9      | Reached skill level 10 in Armour
  7605 | D:9      | Noticed Gastronok
  7610 | D:9      | Noticed a two-headed ogre
  7639 | D:9      | Killed a two-headed ogre
  7640 | D:9      | Reached skill level 10 in Maces & Flails
  7653 | D:9      | Killed Gastronok
  7800 | D:9      | Reached XP level 11. HP: 84/101 MP: 10/10
  7888 | D:9      | Found a broken altar of Ashenzari.
  7890 | D:9      | Found a sacrificial altar of Ru.
  8602 | D:10     | Entered Level 10 of the Dungeon
  8965 | D:10     | Found a staircase to the Orcish Mines.
  9390 | D:11     | Noticed a boulder beetle
  9437 | D:11     | Killed a boulder beetle
  9887 | D:11     | Noticed a skeletal warrior
  9904 | D:11     | Killed a skeletal warrior
  9904 | D:11     | Noticed a skeletal warrior
  9904 | D:11     | Noticed a skeletal warrior
  9906 | D:11     | Noticed a skeletal warrior
  9949 | D:11     | HP: 4/104 [skeletal warrior/+0 mace (17)]
  9957 | D:11     | Slain by a skeletal warrior

Illustrated notes

Levels and vault maps discovered:
D:1:      ebering_hopf_link, layout_loops_ring, serial_glass, glass_columns_a,
          glass_columns_a
D:2:      layout_loops_corners, minmay_rat_gold_closets
D:3:      layout_loops_corners, trog_three_pillars_becter,
          shapermc_ecumenical_altar_mp_ritualfount
D:4:      layout_basic, minmay_temple_entry_slanted, minmay_misc_feat_iff
D:5:      layout_cave_pods, nzn_hepliaklqana_mist_gate,
          mainiacjoe_overflow_surrounded_room
D:6:      layout_basic, serial_shops, kennysheep_mini,
          nicolae_shop_i_like_small_books_too, uniq_jeremiah
D:7:      layout_cave_pools, old_standard_altar,
          mainiacjoe_overflow_six_doors_small, uniq_crazy_yiuf_cottage
D:8:      layout_loops_ring, old_standard_altar, due_lair_maze_entry_diamond,
          nicolae_ossuary_entry_catacombs, amcnicky_mini_corridor_feature,
          nicolae_the_louvre, uniq_maurice, uniq_pikel
D:9:      layout_gridville, chequers_temple_overflow_statue_of_worship,
          dreamdust_gnoll_shepherd, uniq_gastronok
D:10:     layout_big_octagon, orc_0_dummy, serial_bayou_pond_a, minmay_ruffians
D:11:     layout_loops_ring
Temple:   zaba_magenta_temple

Skill      XL: |  1  2  3  4  5  6  7  8  9 10 11 |
---------------+----------------------------------+-----
Fighting       | 4 5 6 7 9 10 11 | 11.9
Armour         | 4 5 6 7 9 10 11 | 11.8
Shields        | 4 5 6 7 9 10 11 | 11.9
Maces & Flails | 3 4 5 6 7 9 10 11 | 11.6

Action                     |  1- 3 |  4- 6 |  7- 9 | 10-12 || total
---------------------------+-------+-------+-------+-------++-------
  Melee: Flail             |    78 |    14 |       |       ||    92
         Headbutt          |     8 |     8 |    83 |    87 ||   186
         War axe           |       |    54 |    93 |       ||   147
         Mace              |       |       |   262 |   279 ||   541
  Evoke: Wand              |       |       |     2 |       ||     2
    Use: Potion            |       |       |     2 |     2 ||     4
         Scroll            |       |       |    18 |     6 ||    24
   Stab: Paralysed         |       |       |    13 |    12 ||    25
         Distracted        |       |       |     1 |       ||     1
 Armour: Plate armour      |    41 |    45 |   163 |   154 ||   403
         Scale mail        |     3 |       |       |       ||     3
  Dodge: Dodged            |    20 |    71 |   236 |   191 ||   518
  Block: Buckler           |    10 |    17 |    85 |    78 ||   190

Table legend: (Time is in decaauts)
 A = Elapsed time spent in this place.
 B = Non-inter-level travel time spent in this place.
 C = Inter-level travel time spent in this place.
 D = Time resting spent in this place.
 E = Time spent auto-exploring this place.
 F = Levels seen in this place.
 G = Mean time per level.
                   A        B        C        D        E       F      G
               +--------+--------+--------+--------+--------+-----+--------+
         Total |  10053 |   9698 |    355 |     74 |   7854 |  13 |  773.3 |
       Dungeon |   9701 |   9362 |    339 |     74 |   7696 |  11 |  881.9 |
        Temple |     34 |     18 |     16 |      0 |      0 |   1 |   34.0 |
       Ossuary |    317 |    317 |      0 |      0 |    158 |   1 |  317.0 |
               +--------+--------+--------+--------+--------+-----+--------+

Top non-repeatable levels by time:
     D:6: 1348 daAuts
     D:9: 1298 daAuts
     D:3: 973 daAuts
     D:8: 911 daAuts
     D:2: 882 daAuts
     D:4: 795 daAuts
     D:5: 792 daAuts
     D:7: 752 daAuts
    D:10: 707 daAuts
    D:11: 623 daAuts
     D:1: 614 daAuts
 Ossuary: 317 daAuts
  Temple: 34 daAuts
